 Dungeon Crawl Stone Soup version 0.23-a0-565-g3e74e4c (webtiles) character file.

381316 tilp the Impaler (level 22, -2/190 HPs)
             Began as a Merfolk Ice Elementalist on Dec 10, 2018.
             Was a High Priest of Makhleb.
             Slain by a spark wasp (14 damage)
             ... on level 2 of the Depths on Dec 14, 2018.
             The game lasted 05:19:57 (78710 turns).

tilp the Impaler (Merfolk Ice Elementalist)        Turns: 78710, Time: 05:19:58

Health: -2/190     AC: 16    Str:  9    XL:     22   Next: 89%
Magic:  40/40      EV: 27    Int: 32    God:    Makhleb [*****.]
Gold:   657        SH:  0    Dex: 19    Spells: 15/50 levels left

rFire    + . .     SeeInvis +   a - +4 glaive (flame)
rCold    + + .     Gourm    .   (shield currently unavailable)
rNeg     . . .     Faith    +   n - +2 robe {rC+ rF+}
rPois    .         Spirit   .   D - +2 helmet
rElec    .         Reflect  .   W - +2 cloak of the Thief {+Fog Slay-2 SInv Stlth+}
rCorr    +         Harm     .   A - +2 pair of gloves
MR       ++...                  U - +2 pair of boots {run}
Stlth    ++........             P - amulet of Heresy {Faith Int+4 Dex+3}
HPRegen  0.41/turn              b - ring of Diujiem {rCorr MR+ Int+6}
MPRegen  0.27/turn              y - +6 ring of evasion

@: confused, very slightly contaminated, drained, quick
A: change form in water, swift swim, stealthy swim, cold resistance 1
}: 2/15 runes: decaying, serpentine
a: Minor Destruction, Lesser Servant of Makhleb, Major Destruction, Greater
Servant of Makhleb, Renounce Religion, Evoke Fog


You were on level 2 of the Depths.
You worshipped Makhleb.
Makhleb was extremely pleased with you.
You were very hungry.

You visited 7 branches of the dungeon, and saw 38 of its levels.
You also visited: Bailey and Ice Cave.

You collected 4948 gold pieces.
You spent 4291 gold pieces at shops.

Inventory:

Hand Weapons
 a - a +4 glaive of flaming (weapon)
 X - a +0 bardiche of chopping
Missiles
 L - 47 tomahawks of returning (quivered)
Armour
 n - a +2 robe of resistance (worn)
 A - a +2 pair of gloves (worn)
 D - a +2 helmet (worn)
 U - a +2 pair of boots of running (worn)
 W - the +2 cloak of the Thief (worn) {+Fog Slay-2 SInv Stlth+}
   (You found it on level 4 of the Swamp)

   It affects your accuracy and damage with ranged weapons and melee attacks
   (-2).
   It lets you see invisible.
   It makes you more stealthy.
Jewellery
 b - the ring of Diujiem (left hand) {rCorr MR+ Int+6}
   (You bought it in a shop on level 2 of the Snake Pit)

   [ring of resist corrosion]

   It affects your intelligence (+6).
   It affects your resistance to hostile enchantments.
 q - an uncursed ring of protection from fire
 r - an uncursed ring of protection from cold
 y - a +6 ring of evasion (right hand)
 E - a +3 ring of protection
 G - an uncursed ring of poison resistance
 P - the amulet of Heresy (around neck) {Faith Int+4 Dex+3}
   (You found it on level 1 of the Lair of Beasts)

   [amulet of faith]

   It allows you to gain divine favour quickly.
   It affects your intelligence (+4).
   It affects your dexterity (+3).
 Y - an uncursed ring of flight
Wands
 m - a wand of polymorph (65)
 p - a wand of digging (14)
 s - a wand of acid (7)
 C - a wand of flame (100)
 F - a wand of clouds (11)
 I - a wand of scattershot (16)
 O - a wand of paralysis (32)
 Z - a wand of disintegration (20)
Scrolls
 d - 16 scrolls of remove curse
 e - 3 scrolls of enchant weapon
 j - 4 scrolls of fear
 t - 4 scrolls of magic mapping
 w - a scroll of teleportation
 B - 5 scrolls of fog
 H - 8 scrolls of amnesia
 M - a scroll of silence
 R - 18 scrolls of identify
 V - 3 scrolls of holy word
Potions
 g - 11 potions of curing
 i - 5 potions of resistance
 k - a potion of flight
 l - 8 potions of haste
 o - 3 potions of magic
 u - 13 potions of might
 x - a potion of cancellation
 z - 3 potions of invisibility
 J - 4 potions of mutation
 K - 4 potions of agility
 T - a potion of berserk rage
Miscellaneous
 N - a phantom mirror
 Q - a lamp of fire
Comestibles
 c - 31 rations
 h - 5 chunks of flesh


   Skills:
 - Level 20.0(18.5) Fighting
 - Level 20.0(18.5) Polearms
 - Level 12.0(10.8) Dodging
 - Level 2.1(1.2) Stealth
   Level 4.0(3.0) Shields
 + Level 14.8(13.5) Spellcasting
 - Level 6.0(4.9) Conjurations
 - Level 4.1(3.1) Hexes
 - Level 10.0(8.8) Charms
 - Level 2.0(1.0) Translocations
 - Level 16.0(14.7) Ice Magic
 - Level 6.0(4.9) Air Magic
 - Level 14.0(12.7) Invocations
 - Level 12.0(10.7) Evocations


You had 15 spell levels left.
You knew the following spells:

 Your Spells              Type           Power        Failure   Level  Hunger
a - Freeze                Ice            ####         0%          1    None
b - Throw Frost           Conj/Ice       ######       1%          2    None
c - Ozocubu's Armour      Chrm/Ice       #######.     1%          3    None
d - Throw Icicle          Conj/Ice       ######..     1%          4    None
e - Conjure Flame         Conj/Fire      #####...     2%          3    None
f - Blink                 Tloc           N/A          1%          2    None
g - Summon Butterflies    Summ           ###.....     2%          1    None
h - Confusing Touch       Hex            #####.       1%          1    None
i - Slow                  Hex            #####...     1%          2    None
j - Regeneration          Chrm/Necr      ######....   1%          3    None
k - Spectral Weapon       Hex/Chrm       ######..     1%          3    None
l - Deflect Missiles      Chrm/Air       ######....   19%         6    ###....
m - Apportation           Tloc           ####..       1%          1    None
n - Tukima's Dance        Hex            #####...     1%          3    None

Your spell library contained the following spells:

 Spells                   Type           Power        Failure   Level  Hunger
 Corona                   Hex            #####..      1%          1    None
 Infusion                 Chrm           ####         1%          1    None
 Magic Dart               Conj           ####         1%          1    None
 Shock                    Conj/Air       ####         1%          1    None
 Searing Ray              Conj           ######       1%          2    None
 Shroud of Golubria       Chrm/Tloc      ######....   1%          2    None
 Song of Slaying          Chrm           ######..     1%          2    None
 Swiftness                Chrm/Air       ######..     1%          2    None
 Confuse                  Hex            #####...     1%          3    None
 Dazzling Spray           Conj/Hex       #####.       1%          3    None
 Mephitic Cloud           Conj/Pois/Air  #####...     1%          3    None
 Static Discharge         Conj/Air       ######..     1%          3    None
 Ice Form                 Ice/Tmut       ######..     1%          4    None
 Summon Ice Beast         Ice/Summ       ######..     1%          4    None
 Metabolic Englaciation   Hex/Ice        ######....   1%          5    None
 Animate Skeleton         Necr           N/A          2%          1    None
 Beastly Appendage        Tmut           ###...       2%          1    None
 Pain                     Necr           ###.         2%          1    None
 Sandblast                Erth           ###...       2%          1    None
 Portal Projectile        Hex/Tloc       #####.       2%          3    None
 Stone Arrow              Conj/Erth      #####.       2%          3    None
 Airstrike                Air            ######....   2%          4    None
 Iskenderun's Mystic Bla  Conj           ######..     2%          4    None
 Call Imp                 Summ           ###.....     3%          2    None
 Passwall                 Tmut/Erth      ###.....     3%          2    None
 Sticks to Snakes         Tmut           ###.....     3%          2    None
 Inner Flame              Hex/Fire       ####....     3%          3    None
 Gell's Gravitas          Tloc           ####......   4%          3    None
 Lesser Beckoning         Tloc           ####......   4%          3    None
 Fulminant Prism          Conj/Hex       #####.....   4%          4    None
 Call Canine Familiar     Summ           ###.....     6%          3    None
 Spider Form              Tmut/Pois      ###.......   6%          3    None
 Vampiric Draining        Necr           ###.......   6%          3    None
 Cause Fear               Hex            #####.....   6%          4    None
 Force Lance              Conj/Tloc      #####...     6%          4    None
 Lightning Bolt           Conj/Air       ######....   8%          5    None
 Leda's Liquefaction      Hex/Erth       ####......   11%         4    None
 Silence                  Hex/Air        #####.....   11%         5    None
 Animate Dead             Necr           N/A          22%         4    None
 Petrify                  Tmut/Erth      ###.....     22%         4    None
 Summon Mana Viper        Hex/Summ       ####....     30%         5    None
 Yara's Violent Unravell  Hex/Tmut       ####......   30%         5    None
 Alistair's Intoxication  Tmut/Pois      ###.....     52%         5    None
 Blade Hands              Tmut           ###.......   52%         5    None
 Lee's Rapid Deconstruct  Erth           ###.......   52%         5    None
 Invisibility             Hex            #####...     65%         6    ###....
 Summon Hydra             Summ           ###.......   100%        7    #####..
 Discord                  Hex            #####.....   100%        8    ######.


Dungeon Overview and Level Annotations

Branches:
Dungeon (15/15)            Temple (0/1) D:6            Lair (6/6) D:9
  Swamp (4/4) Lair:2        Snake (4/4) Lair:2        Slime (0/5) Lair:6
    Orc (2/2) D:9             Elf (0/3) Orc:2        Vaults (4/5) D:14
  Crypt (0/3) Vaults:3     Depths (3/5) D:15

Altars:
Ashenzari
Cheibriados
Elyvilon
Gozag
Hepliaklqana
Kikubaaqudgha
Makhleb
Nemelex Xobeh
Okawaru
Qazlal
Ru
Sif Muna
Trog
Uskayaw
Xom
Yredelemnul
Zin
Beogh
Jiyva

Shops:
D:6 }   D:11 (   D:12 (%   D:13 %   Orc:2 }!?!   Snake:2 =%[[*:[   Vaults:1 !
Vaults:4 =   Depths:2 %

Portals:
Hell: Depths:1 Depths:2 Depths:3
Abyss: Depths:1

Annotations:
Swamp:3 Nikola


Innate Abilities, Weirdness & Mutations

You revert to your normal form in water.
You are very nimble and swift while swimming.
You are very stealthy in the water. (Stealth+)
Your flesh is cold resistant. (rC+)


Message History

You climb upwards.
There is a stone staircase leading down here.
You feel much better.
The spark wasp stings you but does no damage.
Press: ? - help, v - describe, . - travel
Here: a spark wasp The floor.
You are confused.
You feel invigorated. The spark wasp stings you!
* * * LOW HITPOINT WARNING * * *
The spark wasp shocks you!
* * * LOW HITPOINT WARNING * * *
The spark wasp misses you.
Unknown command.
You miss the spark wasp. The spark wasp barely misses you.
You barely miss the spark wasp. The spark wasp closely misses you.
You hit the spark wasp. You burn the spark wasp.
The spark wasp is lightly wounded.
The spark wasp stings you!
You die...

#..((≈≈(..(...#
##....≈≈.......#
###......≈....(..#
##........≈........
#.≈................
##.......≈≈.......#
###......≈≈........
##.........≈.......(
###..@.......≈........
#.....y...............
##......#.............
##...#..###...........
##...#####.##..........
#.....##............#..
#....####...........##.
#..### ###........###.
#### #####...).##.


You could see a spark wasp.

Vanquished Creatures
  Sojobo (Depths:1)
  Saint Roka (Depths:2)
  Margery (Depths:1)
  A golden dragon (Depths:2)
  A lich (Depths:2)
  2 sphinxes
  2 thorn hunters (Swamp:4)
  A storm dragon (Vaults:4)
  4 tengu reavers
  6 fire giants
  13 nagarajas
  12 vault wardens
  6 frost giants
  A war gargoyle (Vaults:4)
  12 stone giants
  8 very ugly things
  2 vampire knights
  7 ironheart preservers
  6 ettins
  6 fire dragons
  A ragged hierophant (Vaults:3)
  2 great orbs of eyes
  3 vault guards (Vaults:2)
  5 naga warriors
  5 rakshasas
  5 yaktaur captains
  6 ice dragons
  19 hydras
  11 centaur warriors
  7 alligators
  A shambling mangrove (Swamp:3)
  3 death knights
  23 anacondas
  4 tengu warriors
  34 two-headed ogres
  9 ogre magi
  The ghost of kirsanium the Cleaver, a novice FoAK of Lugonu (D:9)
  7 deep troll shamans
  6 deep troll earth magi
  An orc high priest (Orc:1)
  2 death yaks (Lair:4)
  4 shock serpents
  3 deep elf knights
  9 spriggans
  5 spriggan berserkers
  13 naga sharpshooters
  9 hell knights
  4 iron trolls (Depths:2)
  2 salamander mystics
  A spark wasp zombie (Depths:2)
  2 sea snakes (Snake:1)
  4 unseen horrors
  14 skeletal warriors
  3 flayed ghosts
  2 glowing orange brains
  6 swamp dragons
  3 spriggan druids
  An orange crystal statue (Vaults:2)
  24 deep trolls
  8 harpies
  3 wizards
  10 orc knights
  11 naga ritualists
  5 necromancers
  A sphinx zombie (Depths:2)
  8 mana vipers
  2 stone giant zombies (Depths:2)
  2 wolf spiders
  7 cyclopes
  14 ironbrand convokers
  3 orc sorcerers
  64 ugly things
  8 deep elf magi
  A manticore (D:14)
  A manticore (shapeshifter) (D:14)
  A frost giant zombie (Vaults:4)
  A salamander (shapeshifter) (D:14)
  2 fire giant zombies
  6 salamanders
  A guardian serpent (shapeshifter) (Vaults:2)
  11 elephants
  A frost giant skeleton (Vaults:4)
  7 vault sentinels
  49 black mambas
  12 naga magi
  An ice statue (IceCv)
  11 guardian serpents
  22 spiny frogs
  A rime drake (Lair:5)
  A spriggan zombie (Depths:2)
  A storm dragon simulacrum (Vaults:3)
  2 anaconda simulacra (IceCv)
  An efreet (D:14)
  7 komodo dragons
  A golden dragon simulacrum (IceCv)
  A redback zombie (D:15)
  38 yaktaurs
  8 freezing wraiths
  3 tengu conjurers
  3 guardian mummies (Depths:2)
  5 ice devils (IceCv)
  13 tyrant leeches
  19 hornets
  2 polar bears (shapeshifter)
  2 hornets (shapeshifter)
  14 trolls
  5 blink frogs (Lair:4)
  A dream sheep (shapeshifter) (Depths:3)
  An elf zombie (Depths:2)
  A wolf spider simulacrum (IceCv)
  36 slime creatures
  6 hippogriffs
  A stone giant simulacrum (Vaults:3)
  2 saltlings (Vaults:3)
  A meliai zombie (D:14)
  10 bog bodies
  5 centaur simulacra
  A fire giant simulacrum (Vaults:4)
  An ettin skeleton (Vaults:4)
  A shadow (D:14)
  Eustachio (D:6)
  6 wraiths
  4 redbacks (Lair:6)
  11 wyverns
  2 dire elephant simulacra (IceCv)
  21 yaks
  Sigmund (D:3)
  2 water elementals
  5 basilisks
  14 vampire mosquitoes
  3 hungry ghosts
  A human (shapeshifter) (D:14)
  A death yak simulacrum (IceCv)
  5 iron troll simulacra (IceCv)
  14 insubstantial wisps
  4 wargs
  39 nagas
  4 harpy simulacra (IceCv)
  A tengu zombie (Depths:2)
  A soldier ant (D:14)
  15 swamp worms
  5 hydra simulacra (IceCv)
  17 water moccasins
  2 porcupines
  26 orc warriors
  9 swamp drakes
  2 sky beasts
  A black bear (shapeshifter) (Vaults:3)
  5 ice beasts
  4 necrophages
  3 phantoms
  3 black bears
  41 ogres
  An alligator simulacrum (IceCv)
  9 boggarts
  24 centaurs
  16 wolves
  An elf skeleton (Vaults:3)
  8 crocodiles
  6 big kobolds
  20 bullfrogs
  2 wyvern zombies
  3 wyvern skeletons
  2 water moccasin zombies
  A hornet simulacrum (D:15)
  3 scorpions
  A human simulacrum (Vaults:3)
  16 killer bees
  8 wights
  4 electric eels
  6 howler monkeys
  10 crimson imps
  6 centaur zombies
  2 bullfrog zombies
  4 draconian simulacra (IceCv)
  4 hounds
  21 orc wizards
  A gnoll shaman (D:8)
  27 orc priests
  7 centaur skeletons
  6 iguanas
  6 jellies
  A bullfrog skeleton (D:9)
  2 troll simulacra (IceCv)
  A spriggan simulacrum (IceCv)
  10 worker ants
  A hound skeleton (D:4)
  6 mummies
  5 worker ant zombies
  Robin (D:3)
  A howler monkey skeleton (D:9)
  19 adders
  13 gnolls
  An ogre simulacrum (IceCv)
  4 shadow imps
  10 white imps (IceCv)
  6 ufetubi (IceCv)
  An adder zombie (D:5)
  A worm (D:3)
  6 dart slugs
  3 leopard geckos
  86 orcs
  2 ball pythons
  5 bats
  7 giant cockroaches
  21 goblins
  14 hobgoblins
  2 jackals (D:8)
  6 quokkas
  5 frilled lizards
  46 kobolds
  10 rats
  A plant (Lair:4)
  A spectral weapon (Depths:3)
1620 creatures vanquished.

Vanquished Creatures (collateral kills)
  A greater mummy (Depths:2)
  An Ice Fiend (IceCv)
  Rupert (Lair:4)
  A tengu reaver (Depths:2)
  2 nagarajas (Snake:4)
  2 very ugly things (Swamp:1)
  2 stone giants
  A deep elf demonologist (Vaults:1)
  A deep elf annihilator (Vaults:1)
  Erolcha (D:11)
  An ogre mage (Vaults:1)
  A hydra (Swamp:1)
  A shambling mangrove (Swamp:1)
  A rakshasa (Depths:2)
  2 centaur warriors (Depths:1)
  A naga warrior (Snake:4)
  8 two-headed ogres
  3 anacondas (Snake:4)
  An ice dragon (Depths:3)
  2 alligators (Swamp:4)
  A death yak (Lair:4)
  A spriggan berserker (Swamp:4)
  A naga sharpshooter (Snake:4)
  A shock serpent (Snake:4)
  4 hell knights
  A deep elf knight (Vaults:1)
  A shadow wraith (Vaults:4)
  A swamp dragon (Swamp:4)
  A deep troll (Depths:2)
  A lindwurm (Lair:6)
  A necromancer (Depths:1)
  An orc knight (Bailey)
  A wolf spider (Lair:6)
  A salamander (Snake:4)
  3 ugly things
  2 black mambas
  2 guardian serpents (Snake:4)
  2 vault sentinels
  A naga mage (Snake:4)
  A gargoyle (D:10)
  2 spiny frogs
  A freezing wraith (Vaults:1)
  2 yaktaurs
  4 slime creatures (Swamp:1)
  8 hornets
  A redback (Lair:6)
  A water elemental (Depths:1)
  6 spriggans
  2 basilisks
  2 wyverns (Lair:6)
  3 yaks (D:10)
  4 vampire mosquitoes (Swamp:1)
  4 swamp worms
  A naga (Snake:4)
  An orc warrior (Orc:1)
  4 swamp drakes
  A black bear (D:10)
  2 ogres
  A wolf (Lair:3)
  2 centaurs (Depths:1)
  A bullfrog (D:11)
  A quasit (D:11)
  A jelly (D:10)
  An orc priest (Orc:1)
  A hound zombie (D:10)
  A mummy (Depths:2)
  An orc (Vaults:3)
  A goblin (Bailey)
  3 plants
125 creatures vanquished.

Vanquished Creatures (others)
  An unseen horror (Vaults:1)
  A black mamba (Lair:6)
  A yaktaur (Vaults:1)
  A tyrant leech (Swamp:3)
  A sky beast (D:9)
  A boggart (Depths:1)
  A centaur (Depths:1)
  A bush (Depths:3)
  24 fungi
  36 plants
  32 spectral weapons
100 creatures vanquished.

Grand Total: 1845 creatures vanquished

Notes
Turn   | Place    | Note
-------+----------+-------------------------------------------
     0 | D:1      | tilp the Merfolk Ice Elementalist began the quest for the
                  | Orb.
     0 | D:1      | Reached XP level 1. HP: 13/13 MP: 3/3
   162 | D:1      | Reached XP level 2. HP: 6/19 MP: 0/5
   640 | D:1      | Reached XP level 3. HP: 23/24 MP: 3/6
   644 | D:1      | Learned a level 2 spell: Throw Frost
   962 | D:2      | Reached skill level 5 in Ice Magic
   970 | D:2      | Learned a level 3 spell: Ozocubu's Armour
  1415 | D:2      | Reached XP level 4. HP: 30/30 MP: 5/7
  2251 | D:3      | Noticed Robin
  2351 | D:3      | Noticed Sigmund
  2399 | D:3      | Reached XP level 5. HP: 17/35 MP: 0/8
  2640 | D:3      | Noticed Grinder
  2657 | D:3      | Paralysed by Grinder for 6 turns
  3307 | D:4      | Found an iron altar of Okawaru.
  3719 | D:4      | Noticed an ogre
  3746 | D:4      | Killed an ogre
  3746 | D:4      | Reached XP level 6. HP: 18/41 MP: 0/9
  4023 | D:4      | Found a burning altar of Makhleb.
  4025 | D:4      | Noticed a green death
  4029 | D:4      | Noticed a smoke demon
  4029 | D:4      | Noticed a smoke demon
  4031 | D:4      | Became a worshipper of Makhleb the Destroyer
  4164 | D:3      | Killed Robin
  4382 | D:5      | Entered Level 5 of the Dungeon
  4608 | D:5      | Reached skill level 1 in Polearms
  4679 | D:5      | Found a sparkling altar of Nemelex Xobeh.
  4692 | D:5      | Reached * piety under Makhleb
  4719 | D:5      | Found a glowing silver altar of Zin.
  4736 | D:5      | Found an ancient bone altar of Kikubaaqudgha.
  4744 | D:5      | Reached XP level 7. HP: 36/46 MP: 1/10
  4815 | D:5      | Found a hazy altar of Hepliaklqana.
  4818 | D:5      | Found a white marble altar of Elyvilon.
  4962 | D:5      | Found a shattered altar of Ashenzari.
  5053 | D:5      | Reached skill level 5 in Polearms
  5592 | D:6      | Found a basalt altar of Yredelemnul.
  5782 | D:6      | Found a staircase to the Ecumenical Temple.
  5796 | D:6      | Noticed Eustachio
  5828 | D:5      | Reached ** piety under Makhleb
  5828 | D:5      | Reached XP level 8. HP: 52/52 MP: 2/11
  5955 | D:6      | Found a shimmering altar of Xom.
  5965 | D:6      | Got a bloodstained ring mail
  6392 | D:6      | Reached skill level 10 in Polearms
  6613 | D:6      | Upgraded the game from 0.23-a0-554-gd3cbc84 to
                  | 0.23-a0-558-g30802b1
  6798 | D:6      | Found Wuplom's Gadget Emporium.
  7023 | D:6      | Killed Eustachio
  7280 | D:7      | Found a hazy altar of Hepliaklqana.
  7413 | D:7      | Reached XP level 9. HP: 57/57 MP: 1/12
  8030 | D:7      | Reached skill level 1 in Fighting
  8650 | D:7      | Reached skill level 5 in Dodging
  8750 | D:7      | Identified the +1 ring mail of Resourcefulness {rC+ rN+}
                  | (You found it on level 6 of the Dungeon)
  8757 | D:7      | Reached *** piety under Makhleb
  8814 | D:7      | Reached skill level 5 in Fighting
  9453 | D:8      | Reached XP level 10. HP: 73/76 MP: 6/13
  9493 | D:8      | Reached skill level 1 in Invocations
  9502 | D:8      | Reached skill level 1 in Evocations
 10500 | D:8      | Found a snail-covered altar of Cheibriados.
 10941 | D:9      | Found an opulent altar of Gozag.
 11040 | D:9      | Found a flagged portal.
 11071 | Bailey   | Entered a bailey
 11128 | Bailey   | Noticed an orc warlord
 11327 | Bailey   | Reached **** piety under Makhleb
 11368 | Bailey   | Learned a level 4 spell: Throw Icicle
 11461 | Bailey   | Noticed an orc knight
 11711 | Bailey   | Killed an orc knight
 11727 | Bailey   | Found a runed gate.
 11728 | Bailey   | Found a runed gate.
 11729 | Bailey   | Found a runed gate.
 11937 | D:9      | Found a bloodstained altar of Trog.
 12031 | D:9      | Found a staircase to the Lair.
 12038 | D:9      | Got a brightly glowing hand axe
 12173 | D:9      | Found a runed gate.
 12173 | D:9      | Found a runed gate.
 12173 | D:9      | Found a runed gate.
 12175 | D:9      | Noticed a centaur warrior
 12178 | D:9      | Noticed kirsanium's ghost (novice FoAK)
 12374 | D:9      | Reached skill level 5 in Invocations
 12482 | D:9      | Reached skill level 5 in Spellcasting
 12635 | D:9      | Found a staircase to the Orcish Mines.
 12721 | D:9      | Reached XP level 11. HP: 81/81 MP: 13/20
 12736 | D:9      | Reached skill level 1 in Conjurations
 12874 | D:9      | Reached skill level 10 in Ice Magic
 12874 | D:9      | Reached XP level 12. HP: 91/91 MP: 21/21
 12986 | D:9      | Found a deep blue altar of Sif Muna.
 12991 | D:9      | Found a stormy altar of Qazlal.
 12991 | D:9      | Found a hide-covered altar of Uskayaw.
 13127 | D:10     | Entered Level 10 of the Dungeon
 13410 | D:10     | Noticed a two-headed ogre
 13417 | D:10     | Killed a two-headed ogre
 13686 | D:10     | You fall through a shaft for 2 floors!
 13687 | D:12     | Noticed a five-headed hydra
 13731 | D:12     | Found Risu's Food Shop.
 14108 | D:10     | Noticed a two-headed ogre
 14123 | D:10     | Killed a two-headed ogre
 14568 | D:10     | Noticed Sonja
 14588 | D:10     | Reached skill level 10 in Fighting
 14589 | D:10     | Noticed Sonja
 14589 | D:10     | Sonja changed into Sonja the shapeshifter
 14590 | D:10     | Noticed Sonja
 14590 | D:10     | Sonja the shapeshifter changed into Sonja the polar bear
 14630 | D:10     | Killed Sonja the polar bear
 14879 | D:11     | Noticed a two-headed ogre
 14897 | D:11     | Killed a two-headed ogre
 15081 | D:11     | Noticed Erolcha
 15158 | D:11     | Found Ahat's Weapon Emporium.
 15162 | D:11     | Got a crystal hand axe
 15677 | D:3      | Killed Sigmund
 15795 | D:3      | Noticed Grinder
 15795 | D:3      | Grinder changed into Grinder the crimson imp
 15805 | D:3      | Killed Grinder the crimson imp
 16082 | Lair:1   | Entered Level 1 of the Lair of Beasts
 16202 | Lair:1   | Got a sparkling pewter amulet
 16610 | Lair:1   | Found a deep blue altar of Sif Muna.
 17304 | Lair:2   | Found a staircase to the Snake Pit.
 17486 | Lair:2   | Reached XP level 13. HP: 103/103 MP: 24/24
 18354 | Lair:3   | Identified the amulet of Heresy {Faith Int+4 Dex+3} (You
                  | found it on level 1 of the Lair of Beasts)
 18417 | Lair:3   | Reached skill level 15 in Polearms
 19264 | Lair:4   | Reached ***** piety under Makhleb
 19335 | Lair:4   | Noticed Rupert
 20560 | Lair:5   | Identified a +1 pair of boots of running (You found it on
                  | level 5 of the Lair of Beasts)
 20713 | Lair:6   | Entered Level 6 of the Lair of Beasts
 21638 | Lair:5   | Reached XP level 14. HP: 110/110 MP: 24/26
 21779 | Lair:6   | Found a viscous altar of Jiyva.
 21793 | Lair:6   | Found a staircase to the Slime Pits.
 23273 | Orc:1    | Entered Level 1 of the Orcish Mines
 24046 | Orc:1    | Reached ****** piety under Makhleb
 24362 | Orc:1    | Found a roughly hewn altar of Beogh.
 24407 | Orc:2    | Entered Level 2 of the Orcish Mines
 24904 | Orc:2    | Found March's Magic Scroll Boutique.
 25381 | Orc:1    | Reached skill level 10 in Invocations
 26456 | Orc:2    | Noticed Maurice
 26475 | Orc:2    | Found Plog's Distillery.
 26476 | Orc:2    | Found Unuol's Distillery.
 26477 | Orc:2    | Found Keirphij's Gadget Shoppe.
 26479 | Orc:2    | Bought a scroll of random uselessness for 16 gold pieces
 26479 | Orc:2    | Bought a scroll of noise for 16 gold pieces
 26570 | Orc:2    | Found a staircase to the Elven Halls.
 26749 | Orc:2    | Noticed Maurice
 26749 | Orc:2    | Maurice changed into Maurice the wolf
 26755 | Orc:2    | Killed Maurice the wolf
 26825 | Orc:2    | Bought a scroll of identify for 32 gold pieces
 26931 | Orc:2    | Identified a scroll of acquirement
 26960 | Orc:2    | Bought a potion of mutation for 120 gold pieces
 26965 | Orc:2    | Bought a scroll of teleportation for 48 gold pieces
 26965 | Orc:2    | Bought a scroll of blinking for 120 gold pieces
 26971 | Orc:2    | Bought a potion of haste for 140 gold pieces
 26971 | Orc:2    | Bought a potion of flight for 42 gold pieces
 26971 | Orc:2    | Bought a potion of might for 56 gold pieces
 26971 | Orc:2    | Bought a potion of might for 56 gold pieces
 26971 | Orc:2    | Bought a potion of heal wounds for 70 gold pieces
 26971 | Orc:2    | Bought a potion of agility for 56 gold pieces
 26971 | Orc:2    | Bought a potion of agility for 56 gold pieces
 26977 | Orc:2    | Bought a scroll of silence for 120 gold pieces
 26977 | Orc:2    | Bought a scroll of enchant weapon for 120 gold pieces
 26982 | Orc:2    | Bought a potion of haste for 150 gold pieces
 26982 | Orc:2    | Bought a potion of haste for 150 gold pieces
 27110 | D:6      | Bought a lamp of fire for 560 gold pieces
 27346 | D:12     | Found Raraeg's Weapon Shop.
 27665 | D:11     | Killed Erolcha
 27949 | D:12     | Reached XP level 15. HP: 114/118 MP: 27/27
 28849 | D:13     | Found Suplas's Food Shoppe.
 31556 | D:14     | Got a scorched ring mail
 31843 | D:14     | Found a sacrificial altar of Ru.
 32303 | D:14     | Found a gate to the Vaults.
 32378 | D:15     | Entered Level 15 of the Dungeon
 32839 | D:15     | Identified the +7 ring mail of Levity {-Cast rPois rN+}
                  | (You found it on level 14 of the Dungeon)
 33892 | D:15     | Found a staircase to the Depths.
 34448 | D:9      | Reached XP level 16. HP: 127/127 MP: 10/28
 34466 | D:9      | Killed kirsanium's ghost
 34795 | Lair:2   | Found a staircase to the Swamp.
 34866 | Swamp:1  | Entered Level 1 of the Swamp
 34866 | Swamp:1  | Found a sparkling altar of Nemelex Xobeh.
 36922 | Swamp:3  | Learned a level 2 spell: Blink
 36960 | Swamp:3  | Reached skill level 10 in Dodging
 37720 | Swamp:3  | Noticed Nikola
 39253 | Swamp:4  | Entered Level 4 of the Swamp
 39482 | Swamp:4  | Found a frozen archway.
 39484 | Swamp:4  | Noticed a thorn hunter
 39497 | Swamp:4  | Killed a thorn hunter
 39528 | IceCv    | Entered an ice cave
 40463 | IceCv    | Learned a level 3 spell: Conjure Flame
 40503 | IceCv    | Noticed an Ice Fiend
 41470 | IceCv    | Killed an Ice Fiend
 42028 | Swamp:4  | Reached XP level 17. HP: 125/135 MP: 27/30
 42095 | Swamp:4  | Found the +2 cloak of the Thief {+Fog Slay-2 SInv Stlth+}
 42600 | Swamp:4  | Noticed an Executioner
 45061 | Swamp:4  | Got a decaying rune of Zot
 45077 | Swamp:4  | Noticed an Executioner
 45443 | Snake:1  | Entered Level 1 of the Snake Pit
 45599 | Snake:1  | Reached skill level 10 in Spellcasting
 46621 | Snake:1  | You fall through a shaft!
 46823 | Snake:2  | Found a white marble altar of Elyvilon.
 47196 | Snake:1  | Learned a level 1 spell: Summon Butterflies
 47198 | Snake:1  | Learned a level 1 spell: Confusing Touch
 47201 | Snake:1  | Learned a level 2 spell: Slow
 47732 | Snake:2  | Found Sung's Jewellery Boutique.
 47775 | Snake:2  | Found Suuvej's Food Emporium.
 47817 | Snake:2  | Found Dejyxo's Armour Shoppe.
 47880 | Snake:2  | Found Rerusem's Armour Boutique.
 47951 | Snake:2  | Found Baefid's Assorted Antiques.
 48234 | Snake:2  | Found Qeicer's Book Boutique.
 48235 | Snake:2  | Found Upeuc's Armour Shoppe.
 48294 | Snake:2  | Bought a book of Battle for 560 gold pieces
 48298 | Snake:2  | Learned a level 3 spell: Regeneration
 48302 | Snake:2  | Learned a level 3 spell: Spectral Weapon
 48339 | Snake:2  | Reached skill level 15 in Fighting
 48414 | Snake:2  | Reached skill level 5 in Evocations
 49832 | Snake:2  | Bought the +3 scale mail of Moerar {Int+4} for 481 gold
                  | pieces
 50093 | Snake:3  | Reached XP level 18. HP: 137/149 MP: 10/32
 52370 | Snake:4  | Entered Level 4 of the Snake Pit
 54226 | Snake:4  | Learned a level 6 spell: Deflect Missiles
 54651 | Snake:4  | Reached skill level 15 in Ice Magic
 57211 | Snake:4  | Reached XP level 19. HP: 144/155 MP: 34/34
 57378 | Snake:4  | Got a serpentine rune of Zot
 57613 | Lair:4   | Killed Rupert
 58101 | Vaults:1 | Entered Level 1 of the Vaults
 60324 | Vaults:1 | Paralysed by an ogre mage for 5 turns
 60335 | Vaults:1 | Noticed an Ice Fiend
 60350 | Vaults:1 | Gained mutation: Your flesh is cold resistant. (rC+) [a
                  | cacodemon]
 60363 | Vaults:1 | HP: 7/157 [ironheart preserver/+0 morningstar (21)]
 60364 | Vaults:1 | HP: 3/157 [ironheart preserver/+0 morningstar (16)]
 60671 | Vaults:1 | Reached skill level 10 in Evocations
 61412 | Vaults:1 | Found Caskot's Distillery.
 61417 | Vaults:1 | Bought a potion of mutation for 112 gold pieces
 61417 | Vaults:1 | Bought a potion of berserk rage for 70 gold pieces
 61417 | Vaults:1 | Bought a potion of heal wounds for 70 gold pieces
 61417 | Vaults:1 | Bought a potion of ambrosia for 112 gold pieces
 61417 | Vaults:1 | Bought 2 potions of heal wounds for 140 gold pieces
 61417 | Vaults:1 | Bought 2 potions of heal wounds for 140 gold pieces
 62961 | Vaults:2 | Reached XP level 20. HP: 161/167 MP: 28/36
 64225 | Vaults:2 | Found a basalt altar of Yredelemnul.
 64593 | Vaults:2 | You fall through a shaft!
 64691 | Vaults:3 | Found a ruined gateway.
 64870 | Vaults:3 | Upgraded the game from 0.23-a0-558-g30802b1 to
                  | 0.23-a0-565-g3e74e4c
 65866 | Vaults:3 | Reached skill level 1 in Hexes
 66161 | Vaults:3 | Reached skill level 1 in Translocations
 66894 | Vaults:3 | Found a staircase to the Crypt.
 66894 | Vaults:3 | Found a basalt altar of Yredelemnul.
 66895 | Vaults:3 | Found an ancient bone altar of Kikubaaqudgha.
 67390 | Vaults:4 | Found Xippiucs's Jewellery Emporium.
 68029 | Vaults:4 | Reached XP level 21. HP: 72/177 MP: 0/38
 69285 | Vaults:4 | Reached skill level 5 in Charms
 70003 | Vaults:2 | Paralysed by a hornet for 3 turns
 70542 | Snake:2  | Bought the ring of Diujiem {rCorr MR+ Int+6} for 678 gold
                  | pieces
 70823 | Depths:1 | Entered Level 1 of the Depths
 71008 | D:15     | Reached skill level 5 in Conjurations
 71156 | Depths:1 | Noticed Sojobo
 71867 | D:15     | Reached skill level 1 in Air Magic
 72108 | Depths:1 | Noticed Margery
 72685 | Depths:1 | Identified the amulet "Ixoyklup" {+Rage rElec}
 72772 | Depths:1 | Found a bloodstained altar of Trog.
 72777 | Depths:1 | Learned a level 1 spell: Apportation
 72781 | Depths:1 | Learned a level 3 spell: Tukima's Dance
 72811 | Depths:1 | Found a gateway to Hell.
 72917 | Depths:1 | Killed Sojobo
 73182 | Depths:1 | HP: 2/177 [stone giant (36)]
 73772 | Depths:1 | Killed Margery
 73911 | Depths:1 | Found a one-way gate to the infinite horrors of the Abyss.
 74078 | Depths:2 | Found Soetip's Food Shop.
 74256 | Depths:1 | Reached XP level 22. HP: 186/186 MP: 21/40
 76553 | Depths:2 | Reached skill level 5 in Air Magic
 76796 | Depths:2 | Noticed Saint Roka
 76840 | Depths:2 | Killed Saint Roka
 77189 | Depths:2 | Noticed a greater mummy
 77199 | Depths:2 | Killed a greater mummy
 77520 | Depths:2 | Noticed a golden dragon
 77678 | Depths:2 | Killed a golden dragon
 78428 | Depths:3 | Reached skill level 10 in Charms
 78704 | Depths:3 | HP: 5/190 [spark wasp (15)]
 78710 | Depths:2 | Slain by a spark wasp

Vault maps used:
D:1:      roderic_crossed_star
D:3:      uniq_grinder, uniq_robin, uniq_sigmund
D:4:      makhleb_altar_promises_db, kennysheep_big_empty_room,
          kennysheep_okawaru_gauntlet
D:5:      grunt_temple_overflow_cloverleaf, kennysheep_little_box, first_ration,
          minmay_misc_feat_nine_boxes, corexii_checkpoint_a,
          hangedman_decor_points, ashenzari_altar_1
D:6:      kennysheep_mini_moat, xom_butterflies, minmay_temple_entry_mist,
          serial_shops, shop, grunt_ministairs_9, uniq_eustachio
D:7:      hangedman_cross_stitches, basic_altar
D:8:      nicolae_overflow_hidden_temple, serial_glass, glass_columns_c,
          glass_columns_a
D:9:      nicolae_gozag_seed_capital, grunt_temple_overflow_open,
          lair_entry_dummy, orc_0_dummy, enter_bailey_3, gammafunk_ghost_split,
          blue_anna_alchemist, trog_book
D:10:     serial_undead, serial_undead_c, serial_undead_f, serial_undead_d,
          serial_undead_b, uniq_sonja
D:11:     serial_shops, shop, uniq_erolcha
D:12:     serial_shops, kennysheep_mini, nicolae_shop_trees, eino_tiny_chamber
D:13:     serial_shops, shop, serial_corexii_hall, chequers_hall_statues_wall_a,
          chequers_hall_statues_wall_a, minivault_27
D:14:     hangedman_vaults_entry_quadrant_bands, nicolae_ru_the_path_less_chosen
D:15:     grunt_enter_depths_magical_seal, hangedman_glass_teeth
Lair:1:   basic_altar, grunt_megastairs_1
Lair:2:   nicolae_swamp_entry_splash_gauntlet, dummy_snake_entry
Lair:4:   uniq_rupert
Lair:6:   hangedman_lair_tendril_chambers, slime_altar_1
Swamp:1:  lemuel_altar_in_water, swamp_pool1, hangedman_swamp_muck
Swamp:2:  evilmike_swamp_ruin_house_4
Swamp:3:  nicolae_swamp_dense_foliage, uniq_nikola
Swamp:4:  swamp_basic_johnstein, portal_ice_cave_entry_pillars_1,
          infiniplex_staircase_pool_2
Snake:1:  st_stairs_1, serial_bayou_shore_a, serial_bayou_shore_b,
          lemuel_fruit_tree
Snake:2:  nrook_guardian_serpent_snake_passage, serial_shops, shop, shop, shop,
          nicolae_shop_stone, shop, basic_altar, minmay_shoptagon
Snake:3:  st_stairs_5, grunt_ministairs_15, nicolae_snake_squiggles,
          hangedman_corner_corridor
Snake:4:  grunt_snake_rune_serpentine_throne
Orc:1:    minmay_orc_temple_c
Orc:2:    st_orc_open, uniq_maurice
Vaults:1: grunt_vaults_twisty, v_misc_14, v_pattern_4, hangedman_vaults_snaps,
          hangedman_vaults_nails, vaults_mumra_lcd, v_misc_22, v_misc_18,
          hangedman_vaults_restitches, v_misc_15, serial_shops, shop
Vaults:2: nicolae_vaults_statue_guard, v_misc_15, nicolae_vaults_arrows,
          nicolae_vaults_hallways_thing, hangedman_vaults_hat,
          nicolae_vaults_twisting_passages, nicolae_vaults_stairing_the_circle,
          vaults_mumra_minichess_inversion, nicolae_vaults_big_ls,
          ontoclasm_vaults_loading_screen, nicolae_vaults_rhombus_6,
          vaults_room_stairs_pillars, basic_altar
Vaults:3: grunt_vaults_focal, ontoclasm_vaults_decontamination,
          ontoclasm_vaults_gallery, minmay_crypt_entry_necro_gods,
          nicolae_vaults_network_square, ontoclasm_vaults_pinch,
          portal_desolation_entry_nicolae_nacl
Vaults:4: hangedman_vaults_hard_town_square, v_misc_17, hangedman_vaults_pinch,
          vaults_mumra_hexcomb, v_misc_3, ontoclasm_vaults_claustrophobia,
          ontoclasm_vaults_loading_screen, nicolae_vaults_border_crossing,
          nicolae_vaults_little_squares_6, serial_shops, shop
Depths:1: grunt_metal_band, serial_column_ruins, column_ruins_portal_hut,
          column_ruins_columns_straight, column_ruins_open_tiny,
          column_ruins_grid_1, column_ruins_corridor_dead_end,
          column_ruins_open_medium, minmay_misc_feat_more_columns,
          evilmike_spriggan_trog_shrine, uniq_sojobo
Depths:2: lemuel_minitomb, serial_shops, shop, hangedman_coc_ice_floe,
          solitary_fountain, nzn_random_ring, infiniplex_staircase_zigzag_5,
          uniq_saint_roka
Depths:3: hangedman_hanging_gardens, rand_demon_pan_entry_1,
          nicolae_two_hexagons, serial_shops, nicolae_shop_crystal, hell_entry,
          stair_cage_wide
Bailey:   bailey_axe_bossmonster_kennysheep, bailey
IceCv:    ice_cave_caverns_01

Skill      XL: |  1  2  3  4  5  6  7  8  9 10 11 12 13 14 15 16 17 18 19 20 21 22 |
---------------+-------------------------------------------------------------------+-----
Ice Magic      | 4 5 6 7 8 10 11 13 14 15 16 | 16.0
Polearms       | 3 8 12 13 16 19 20 | 20.0
Shields        | 2 4 |  4.0
Fighting       | 6 7 10 11 12 15 16 18 20 | 20.0
Dodging        | 6 8 11 12 | 12.0
Invocations    | 5 11 12 14 | 14.0
Evocations     | 4 6 8 11 12 | 12.0
Spellcasting   | 6 7 8 9 10 11 12 13 14 | 14.8
Conjurations   | 3 4 6 |  6.0
Charms         | 4 8 10 | 10.0
Hexes          | 4 |  4.1
Translocations | 2 |  2.0
Air Magic      | 4 6 |  6.0
Stealth        | |  2.1

Action                   |  1- 3 |  4- 6 |  7- 9 | 10-12 | 13-15 | 16-18 | 19-21 | 22-24 || total
-------------------------+-------+-------+-------+-------+-------+-------+-------+-------++-------
Melee: Unarmed           |     3 |       |       |       |       |       |       |       ||     3
       Short sword       |    11 |    24 |       |       |       |       |       |       ||    35
       Spear             |       |    29 |   317 |  1051 |       |       |       |       ||  1397
       Halberd           |       |       |       |    55 |  1673 |       |       |       ||  1728
       Glaive            |       |       |       |       |   263 |  1922 |  1885 |   471 ||  4541
       Tailslap          |       |       |       |       |       |     5 |       |       ||     5
Throw: Stone             |    11 |     5 |     4 |       |       |       |       |       ||    20
       Javelin           |       |       |     2 |       |       |       |       |       ||     2
       Tomahawk          |       |       |       |     9 |     5 |    16 |     8 |     2 ||    40
       Throwing net      |       |       |       |     1 |       |       |       |       ||     1
 Cast: Freeze            |    46 |    99 |   142 |   136 |    73 |    16 |       |       ||   512
       Throw Frost       |     2 |     2 |    12 |    21 |    66 |   140 |    54 |     8 ||   305
       Ozocubu's Armour  |       |     6 |    27 |    51 |   118 |   208 |   133 |    45 ||   588
       Throw Icicle      |       |       |       |     4 |    94 |   159 |   101 |    44 ||   402
       Conjure Flame     |       |       |       |       |       |    18 |    37 |    17 ||    72
       Blink             |       |       |       |       |       |     1 |     9 |     2 ||    12
       Spectral Weapon   |       |       |       |       |       |     2 |    49 |    45 ||    96
       Regeneration      |       |       |       |       |       |       |    13 |       ||    13
       Summon Butterflie |       |       |       |       |       |       |     1 |     2 ||     3
       Confusing Touch   |       |       |       |       |       |       |     1 |       ||     1
       Tukima's Dance    |       |       |       |       |       |       |       |     4 ||     4
Invok: Lesser Servant of |       |       |       |    11 |    19 |    13 |     7 |     4 ||    54
       Greater Servant o |       |       |       |       |       |    29 |    18 |     7 ||    54
 Abil: Evoke Fog         |       |       |       |       |       |     3 |     3 |     3 ||     9
Evoke: Wand              |       |       |     1 |    21 |     6 |     5 |     2 |       ||    35
       Lamp of fire      |       |       |       |       |     1 |     2 |     1 |       ||     4
  Use: Scroll            |       |    11 |     5 |    14 |    18 |    14 |    14 |     4 ||    80
       Potion            |       |       |     1 |     2 |     3 |     4 |    13 |     5 ||    28
 Stab: Sleeping          |     2 |     5 |     5 |    14 |     8 |     7 |     6 |     1 ||    48
       Distracted        |       |       |     2 |     1 |     4 |     8 |    15 |    18 ||    48
       Confused          |       |       |       |       |       |     1 |       |       ||     1
  Eat: Chunk             |     2 |    13 |    18 |    23 |    50 |    21 |    38 |    10 ||   175
       Ration            |       |       |     2 |     2 |     4 |    16 |     5 |     1 ||    30
Armor: Robe              |     6 |    14 |       |       |       |       |   208 |    88 ||   316
       Leather armour    |       |    13 |   144 |   154 |   433 |   389 |    83 |       ||  1216
       Skin              |       |       |    13 |     6 |       |       |       |       ||    19
       Scale mail        |       |       |       |       |       |       |     6 |       ||     6
Dodge: Dodged            |    29 |    74 |   161 |   607 |  1791 |  1786 |  1403 |   417 ||  6268
Block: Buckler           |       |       |       |   117 |       |       |       |       ||   117

Table legend:
 A = Non-vault XP
 B = Vault XP
 C = Vault XP percentage of total XP
 D = Non-vault monster count
 E = Vault monster count
 F = Vault count percentage of total count
                 A         B        C        D         E       F
            +---------+---------+-------+---------+---------+-------
      Total |  393267 |  293184 |  42.7 |    1175 |     570 |  32.7
            +---------+---------+-------+---------+---------+-------
        D:1 |      57 |       0 |   0.0 |      26 |       0 |   0.0
        D:2 |      51 |       0 |   0.0 |      16 |       0 |   0.0
        D:3 |     197 |     291 |  59.6 |      28 |      14 |  33.3
        D:4 |     228 |       4 |   1.7 |       9 |       2 |  18.2
        D:5 |     523 |       5 |   0.9 |      20 |       2 |   9.1
        D:6 |     802 |     371 |  31.6 |      20 |       3 |  13.0
        D:7 |    1917 |     442 |  18.7 |      34 |       9 |  20.9
        D:8 |    1872 |       0 |   0.0 |      34 |       0 |   0.0
        D:9 |    2670 |    2501 |  48.4 |      37 |      12 |  24.5
       D:10 |    4352 |    1157 |  21.0 |      24 |       8 |  25.0
       D:11 |    3748 |     690 |  15.5 |      25 |       1 |   3.8
       D:12 |    6920 |       0 |   0.0 |      41 |       0 |   0.0
       D:13 |    5897 |       0 |   0.0 |      25 |       0 |   0.0
       D:14 |   17594 |   14197 |  44.7 |      51 |      26 |  33.8
       D:15 |   20282 |   10082 |  33.2 |      42 |      14 |  25.0
     Lair:1 |    1997 |      90 |   4.3 |      10 |       1 |   9.1
     Lair:2 |    5967 |    1218 |  17.0 |      20 |       6 |  23.1
     Lair:3 |    4390 |       0 |   0.0 |      22 |       0 |   0.0
     Lair:4 |    6755 |    1415 |  17.3 |      20 |       1 |   4.8
     Lair:5 |    8258 |    1778 |  17.7 |      27 |       6 |  18.2
     Lair:6 |    3354 |    7237 |  68.3 |      10 |      29 |  74.4
    Swamp:1 |   10180 |    2882 |  22.1 |      33 |       8 |  19.5
    Swamp:2 |    4763 |       0 |   0.0 |      18 |       0 |   0.0
    Swamp:3 |   18098 |    1721 |   8.7 |      55 |       2 |   3.5
    Swamp:4 |    7634 |   17081 |  69.1 |      23 |      27 |  54.0
    Snake:1 |   11257 |       0 |   0.0 |      26 |       0 |   0.0
    Snake:2 |   22658 |    2375 |   9.5 |      46 |       4 |   8.0
    Snake:3 |   14874 |    8871 |  37.4 |      27 |      12 |  30.8
    Snake:4 |   11043 |   48631 |  81.5 |      23 |      64 |  73.6
      Orc:1 |    3580 |    7517 |  67.7 |      48 |      28 |  36.8
      Orc:2 |     977 |    9950 |  91.1 |      12 |      29 |  70.7
   Vaults:1 |   17311 |   12374 |  41.7 |      46 |      20 |  30.3
   Vaults:2 |   24231 |   37813 |  60.9 |      44 |      50 |  53.2
   Vaults:3 |   28520 |   10798 |  27.5 |      46 |      13 |  22.0
   Vaults:4 |   26125 |   31820 |  54.9 |      36 |      41 |  53.2
   Depths:1 |   31305 |   12896 |  29.2 |      67 |      10 |  13.0
   Depths:2 |   52947 |   35033 |  39.8 |      70 |      42 |  37.5
   Depths:3 |    9933 |    1535 |  13.4 |      14 |       2 |  12.5
     Bailey |       0 |     553 | 100.0 |       0 |      25 | 100.0
      IceCv |       0 |    9856 | 100.0 |       0 |      59 | 100.0
            +---------+---------+-------+---------+---------+-------
